BOTTOM OF THE 1ST |
Gainesville Guidos batting - Pitching for Santa Fe Diablos : RHP Jeffrey King
|
Pitching: RHP Jeffrey King
|
|
Batting: RHB Kyle O'Day
|
0-0: Foul Ball, location: 2F 0-1: Ball 1-1: Foul Ball, location: 2F 1-2: Strikes out swinging
|
Batting: RHB Iván Moreno
|
0-0: Called Strike 0-1: Ball 1-1: Swinging Strike 1-2: Ball 2-2: Ball 3-2: Strikes out swinging
|
Batting: LHB Ed Hart
|
0-0: Ball 1-0: SINGLE (Groundball, 34)
|
Batting: LHB Ed Murray
|
0-0: Called Strike 0-1: Ball 1-1: Fielders Choice at 2nd, 6-4 (Groundball, 6)
|
Bottom of the 1st over - 0 run(s), 1 hit(s), 0 error(s), 0 left on base; Santa Fe 2 - Gainesville 0 |
TOP OF THE 2ND |
Santa Fe Diablos batting - Pitching for Gainesville Guidos : RHP Matt McGinnity
|
Batting: RHB Ray Davis
|
0-0: Called Strike 0-1: Ball 1-1: Foul Ball, location: 2F 1-2: Strikes out swinging
|
Batting: RHB Michael Anderson
|
0-0: Called Strike 0-1: SINGLE (Groundball, 15) (infield hit)
|
Batting: LHB Víctor Carrillo
|
0-0: Called Strike 0-1: Swinging Strike 0-2: Strikes out swinging
|
Batting: LHB John Nicholson
|
0-0: Called Strike 0-1: Ball 1-1: Ball 2-1: Foul Ball, location: 2F 2-2: Foul Ball, location: 2F 2-2: Strikes out swinging
|
Top of the 2nd over - 0 run(s), 1 hit(s), 0 error(s), 1 left on base; Santa Fe 2 - Gainesville 0 |
BOTTOM OF THE 2ND |
Gainesville Guidos batting - Pitching for Santa Fe Diablos : RHP Jeffrey King
|
Batting: LHB Eddy Jefferson
|
0-0: Ground out 6-3 (Groundball, 6)
|
Batting: LHB António Cedeño
|
0-0: Ball 1-0: Called Strike 1-1: Called Strike 1-2: Foul Ball, location: 2F 1-2: Ball 2-2: SINGLE (Line Drive, 34)
|
Batting: RHB José Ortega
|
0-0: Called Strike 0-1: Called Strike 0-2: Ball 1-2: Ball 2-2: SINGLE (Groundball, 34D) António Cedeño to second Runner from 2nd tries for 3rd, SAFE, throw made to third José Ortega to second
|
Batting: RHB Noriyori Ine
|
0-0: Foul Ball, location: 2F 0-1: Ball 1-1: Foul Ball, location: 2F 1-2: Strikes out looking
|
Batting: RHB Ben Morton
|
0-0: Ground out 3-1 (Groundball, 34)
|
Bottom of the 2nd over - 0 run(s), 2 hit(s), 0 error(s), 2 left on base; Santa Fe 2 - Gainesville 0 |
TOP OF THE 3RD |
Santa Fe Diablos batting - Pitching for Gainesville Guidos : RHP Matt McGinnity
|
Batting: RHB Jorge Rodríguez
|
0-0: Foul Ball, location: 2F 0-1: Ball 1-1: Ball 2-1: Swinging Strike 2-2: Strikes out swinging
|
Batting: RHB Roberto Zamora
|
0-0: Called Strike 0-1: Swinging Strike 0-2: Strikes out swinging
|
Batting: SHB António Hernández
|
0-0: Swinging Strike 0-1: Swinging Strike 0-2: Foul Ball, location: 2F 0-2: Strikes out swinging
|
Top of the 3rd over - 0 run(s), 0 hit(s), 0 error(s), 0 left on base; Santa Fe 2 - Gainesville 0 |
BOTTOM OF THE 3RD |
Gainesville Guidos batting - Pitching for Santa Fe Diablos : RHP Jeffrey King
|
Batting: RHB Kyle O'Day
|
0-0: Ball 1-0: Fly out, F9 (Flyball, 89M)
|
Batting: RHB Iván Moreno
|
0-0: Ball 1-0: Ball 2-0: Called Strike 2-1: Ball 3-1: Called Strike 3-2: Foul Ball, location: 2F 3-2: Ground out 2-3 (Groundball, 2R)
|
Batting: LHB Ed Hart
|
0-0: Ball 1-0: Called Strike 1-1: Called Strike 1-2: Foul Ball, location: 2F 1-2: Ball 2-2: Strikes out swinging
|
Bottom of the 3rd over - 0 run(s), 0 hit(s), 0 error(s), 0 left on base; Santa Fe 2 - Gainesville 0 |
TOP OF THE 4TH |
Santa Fe Diablos batting - Pitching for Gainesville Guidos : RHP Matt McGinnity
|
Batting: RHB John Dinkins
|
0-0: Called Strike 0-1: Ball 1-1: Fly out, F8 (Flyball, 8RM)
|
Batting: RHB Ánibal Gonzáles
|
0-0: Ball 1-0: Ball 2-0: Fly out, F2 (Popup, 25)
|
Batting: RHB Ray Davis
|
0-0: Ball 1-0: Ball 2-0: Ball 3-0: Base on Balls
|
Batting: RHB Michael Anderson
|
0-0: Called Strike 0-1: Fly out, F3 (Popup, 13)
|
Top of the 4th over - 0 run(s), 0 hit(s), 0 error(s), 1 left on base; Santa Fe 2 - Gainesville 0 |
BOTTOM OF THE 4TH |
Gainesville Guidos batting - Pitching for Santa Fe Diablos : RHP Jeffrey King
|
Batting: LHB Ed Murray
|
0-0: Ball 1-0: Ball 2-0: Called Strike 2-1: Foul Ball, location: 2F 2-2: Hit by Pitch
|
Batting: LHB Eddy Jefferson
|
0-0: Ball 1-0: Fly out, F7 (Flyball, 7LMF)
|
Batting: LHB António Cedeño
|
0-0: Called Strike 0-1: Fly out, F9 (Flyball, 89M)
|
Batting: RHB José Ortega
|
0-0: Ball Wild Pitch! Ed Murray to second 1-0: Called Strike 1-1: Ball 2-1: Ball 3-1: Base on Balls
|
Batting: RHB Noriyori Ine
|
0-0: Called Strike 0-1: Ball 1-1: Foul Ball, location: 2F 1-2: Fly out, F8 (Flyball, 8LS)
|
Bottom of the 4th over - 0 run(s), 0 hit(s), 0 error(s), 2 left on base; Santa Fe 2 - Gainesville 0 |
TOP OF THE 5TH |
Santa Fe Diablos batting - Pitching for Gainesville Guidos : RHP Matt McGinnity
|
Batting: LHB Víctor Carrillo
|
0-0: Ball 1-0: SINGLE (Line Drive, 4MD)
|
Batting: LHB John Nicholson
|
0-0: Foul Ball, location: 2F 0-1: Foul Ball, location: 2F 0-2: Ball 1-2: Foul Ball, location: 2F Single, Error in OF, E8, batter to second base Víctor Carrillo to third
|
Batting: RHB Jorge Rodríguez
|
0-0: Called Strike 0-1: Ground out 5-3 (Groundball, 56) Víctor Carrillo scores
|
Batting: RHB Roberto Zamora
|
0-0: Ball John Nicholson steals 3rd base 1-0: Ground out 6-3 (Groundball, 6) John Nicholson scores
|
Batting: SHB António Hernández
|
0-0: Called Strike 0-1: Foul Ball, location: 2F 0-2: Foul Ball, location: 2F 0-2: Ball 1-2: Ball 2-2: Strikes out swinging
|
Top of the 5th over - 2 run(s), 2 hit(s), 1 error(s), 0 left on base; Santa Fe 4 - Gainesville 0 |
BOTTOM OF THE 5TH |
Gainesville Guidos batting - Pitching for Santa Fe Diablos : RHP Jeffrey King
|
Batting: RHB Ben Morton
|
0-0: Called Strike 0-1: Foul Ball, location: 2F 0-2: Foul Ball, location: 2F 0-2: Strikes out swinging
|
Batting: RHB Kyle O'Day
|
0-0: Called Strike 0-1: Ball 1-1: Ball 2-1: Fly out, F8 (Flyball, 8LXD)
|
Batting: RHB Iván Moreno
|
0-0: Swinging Strike 0-1: Ground out 1-3 (Groundball, 13S)
|
Bottom of the 5th over - 0 run(s), 0 hit(s), 0 error(s), 0 left on base; Santa Fe 4 - Gainesville 0 |
TOP OF THE 6TH |
Santa Fe Diablos batting - Pitching for Gainesville Guidos : RHP Matt McGinnity
|
Batting: RHB John Dinkins
|
0-0: Ball 1-0: Called Strike 1-1: Called Strike 1-2: Ball 2-2: Strikes out swinging
|
Batting: RHB Ánibal Gonzáles
|
0-0: Ball 1-0: SINGLE (Line Drive, 4MD)
|
Batting: RHB Ray Davis
|
0-0: Ball 1-0: Ball Ánibal Gonzáles steals 2nd base 2-0: Called Strike 2-1: Called Strike 2-2: Ball 3-2: SINGLE (Line Drive, 78S) Ánibal Gonzáles to third
|
Batting: RHB Michael Anderson
|
0-0: Called Strike 0-1: Ground out 5-3 (Groundball, 15S) Ánibal Gonzáles scores Ray Davis to second
|
Batting: LHB Víctor Carrillo
|
0-0: Called Strike 0-1: Ball 1-1: Fly out, F9 (Flyball, 89S)
|
Top of the 6th over - 1 run(s), 2 hit(s), 0 error(s), 1 left on base; Santa Fe 5 - Gainesville 0 |
BOTTOM OF THE 6TH |
Gainesville Guidos batting - Pitching for Santa Fe Diablos : RHP Jeffrey King
|
Batting: LHB Ed Hart
|
0-0: Ball 1-0: SINGLE (Line Drive, 6)
|
Batting: LHB Ed Murray
|
0-0: Foul Ball, location: 2F 0-1: Called Strike 0-2: Foul Ball, location: 2F 0-2: Foul Ball, location: 2F 0-2: Ball 1-2: Strikes out swinging
|
Batting: LHB Eddy Jefferson
|
0-0: Ball 1-0: Called Strike 1-1: Grounds into double play, 6-4-3 (Groundball, 6M)
|
Bottom of the 6th over - 0 run(s), 1 hit(s), 0 error(s), 0 left on base; Santa Fe 5 - Gainesville 0 |
TOP OF THE 7TH |
Santa Fe Diablos batting - Pitching for Gainesville Guidos : RHP Matt McGinnity
|
Batting: LHB John Nicholson
|
Error on foul ball, E5 0-1: Called Strike 0-2: Ball 1-2: Foul Ball, location: 2F 1-2: Foul Ball, location: 2F 1-2: Ball 2-2: Fly out, F6 (Line Drive, 6M)
|
Pitching: RHP Josh Higgins
|
|
Batting: RHB Jorge Rodríguez
|
0-0: Ball 1-0: Ground out 4-3 (Groundball, 4)
|
Batting: RHB Roberto Zamora
|
0-0: Ball 1-0: Called Strike 1-1: Foul Ball, location: 2F 1-2: Ball 2-2: Ball 3-2: Foul Ball, location: 2F 3-2: Foul Ball, location: 2F 3-2: Strikes out looking
|
Top of the 7th over - 0 run(s), 0 hit(s), 1 error(s), 0 left on base; Santa Fe 5 - Gainesville 0 |
BOTTOM OF THE 7TH |
Gainesville Guidos batting - Pitching for Santa Fe Diablos : RHP Jeffrey King
|
Batting: LHB António Cedeño
|
0-0: Ball 1-0: Ball 2-0: Ball 3-0: Called Strike 3-1: Ground out 1-3 (Groundball, 13S)
|
Batting: RHB José Ortega
|
0-0: Called Strike 0-1: Called Strike 0-2: Ground out 6-3 (Groundball, 6M)
|
Batting: RHB Noriyori Ine
|
0-0: Ball 1-0: Called Strike 1-1: Called Strike 1-2: Strikes out looking
|
Bottom of the 7th over - 0 run(s), 0 hit(s), 0 error(s), 0 left on base; Santa Fe 5 - Gainesville 0 |
TOP OF THE 8TH |
Santa Fe Diablos batting - Pitching for Gainesville Guidos : RHP Josh Higgins
|
Batting: SHB António Hernández
|
0-0: Ground out 5-3 (Groundball, 56S)
|
Batting: RHB John Dinkins
|
0-0: Ball 1-0: Swinging Strike 1-1: Swinging Strike 1-2: Foul Ball, location: 2F 1-2: Strikes out swinging
|
Batting: RHB Ánibal Gonzáles
|
0-0: Ball 1-0: Swinging Strike 1-1: Ball 2-1: Foul Ball, location: 2F 2-2: Strikes out swinging
|
Top of the 8th over - 0 run(s), 0 hit(s), 0 error(s), 0 left on base; Santa Fe 5 - Gainesville 0 |
BOTTOM OF THE 8TH |
Gainesville Guidos batting - Pitching for Santa Fe Diablos : RHP Jeffrey King
|
Pitching: RHP David Sheppard
|
|
Batting: RHB Ben Morton
|
0-0: Ball 1-0: Ball 2-0: Foul Ball, location: 2F 2-1: Swinging Strike 2-2: Foul Ball, location: 2F 2-2: Foul Ball, location: 2F 2-2: Ball 3-2: Strikes out swinging
|
Batting: RHB Kyle O'Day
|
0-0: Ball 1-0: Ball 2-0: Called Strike 2-1: Ball 3-1: Fly out, F9 (Flyball, 9D)
|
Batting: RHB Iván Moreno
|
0-0: Foul Ball, location: 2F 0-1: Foul Ball, location: 2F 0-2: TRIPLE (Line Drive, 9LM)
|
Batting: LHB Ed Hart
|
0-0: Ball 1-0: SINGLE (Line Drive, 8RS) Iván Moreno scores
|
Batting: LHB Ed Murray
|
0-0: Ball 1-0: Called Strike 1-1: SINGLE (Line Drive, 89S) Ed Hart to second
|
Pitching: LHP Daniel Draper
|
|
Batting: LHB Eddy Jefferson
|
0-0: Swinging Strike 0-1: Swinging Strike 0-2: Ball 1-2: Foul Ball, location: 2F 1-2: Ground out U3 (Groundball, 3S)
|
Bottom of the 8th over - 1 run(s), 3 hit(s), 0 error(s), 2 left on base; Santa Fe 5 - Gainesville 1 |
TOP OF THE 9TH |
Santa Fe Diablos batting - Pitching for Gainesville Guidos : RHP Josh Higgins
|
Pitching: RHP Lance Sanders
|
|
Batting: RHB Ray Davis
|
0-0: Foul Ball, location: 2F 0-1: Ground out 5-3 (Groundball, 5)
|
Batting: RHB Michael Anderson
|
0-0: Ball 1-0: Swinging Strike 1-1: Called Strike 1-2: Strikes out looking
|
Batting: LHB Víctor Carrillo
|
0-0: Called Strike 0-1: Swinging Strike 0-2: Ball 1-2: Foul Ball, location: 2F 1-2: Ball 2-2: Ball 3-2: Base on Balls
|
Batting: LHB John Nicholson
|
0-0: Called Strike 0-1: Ball 1-1: Swinging Strike 1-2: Strikes out swinging
|
Top of the 9th over - 0 run(s), 0 hit(s), 0 error(s), 1 left on base; Santa Fe 5 - Gainesville 1 |
BOTTOM OF THE 9TH |
Gainesville Guidos batting - Pitching for Santa Fe Diablos : LHP Daniel Draper
|
Batting: LHB António Cedeño
|
0-0: Foul Ball, location: 2F 0-1: Ball 1-1: Swinging Strike 1-2: Ball 2-2: Fly out, F8 (Flyball, 8LS)
|
Batting: RHB José Ortega
|
0-0: Foul Ball, location: 2F 0-1: SINGLE (Line Drive, 4M)
|
Batting: RHB Noriyori Ine
|
0-0: Ball 1-0: Called Strike 1-1: Ground out 6-3 (Groundball, 6S) José Ortega to second
|
Batting: RHB Ben Morton
|
0-0: Ball 1-0: Foul Ball, location: 2F 1-1: Ball 2-1: DOUBLE (Line Drive, 7M) José Ortega scores
|
Pitching: RHP Kenshin Kubota
|
|
Batting: RHB Kyle O'Day
|
0-0: Foul Ball, location: 2F 0-1: Ball 1-1: Ball 2-1: Swinging Strike 2-2: Fly out, F8 (Line Drive, 8RM)
|
Bottom of the 9th over - 1 run(s), 2 hit(s), 0 error(s), 1 left on base; Santa Fe 5 - Gainesville 2 |
|